 Dungeon Crawl Stone Soup version 0.31.0-1-g2c135a0 (webtiles) character file.

Game seed: 10570982196269734518

5 bonegar the Sneak (level 1, -2/15 HPs)
             Began as a Naga Enchanter on Feb 13, 2024.
             Slain by a kobold
             ... wielding a +1 dagger of electrocution
              (11 damage)
             ... on level 1 of the Dungeon.
             The game lasted 00:02:21 (148 turns).

bonegar the Sneak (Naga Enchanter)                   Turns: 148, Time: 00:02:22

Health: -2/15      AC:  1    Str: 10    XL:     1   Next: 80%
Magic:  3/3        EV:  9    Int: 15    God:
Gold:   0          SH:  0    Dex: 11    Spells: 4/4 levels left

rFire   . . .        a - +1 dagger
rCold   . . .        (no shield)
rNeg    . . .        b - +0 robe
rPois   +            (no helmet)
rElec   .            (no cloak)
rCorr   .            (no gloves)
SInv    +            (no barding)
Will    .....        (no amulet)
Stlth   +++          (no ring)
HPRegen 0.22/turn    (no ring)
MPRegen 0.08/turn

%: no passive effects
@: very slow
A: AC +0, large, see invisible, deformed body, poison resistance, slowness 2,
spit poison 1, naga tail 1
a: Spit Poison


You were on level 1 of the Dungeon.
You visited 1 branch of the dungeon, and saw 1 of its levels.

Inventory:

Hand Weapons
 a - a +1 dagger (weapon)
Armour
 b - a +0 robe (worn)
Scrolls
 d - a scroll of blinking {unknown}
 e - a scroll of teleportation {unknown}
 f - a scroll of summoning {unknown}
Potions
 c - 2 potions of invisibility


   Skills:
 + Level 1.0 Short Blades
 + Level 1.5 Dodging
 + Level 4.7 Stealth
 + Level 2.0 Spellcasting
 + Level 3.1 Hexes


You had 4 spell levels left.
You didn't know any spells.
Your spell library contained the following spells:

 Spells                   Type           Power      Damage    Failure   Level
 Ensorcelled Hibernation  Hex/Ice        12%        N/A       17%         2
 Confusing Touch          Hex            11%        N/A       19%         3
 Tukima's Dance           Hex            11%        N/A       19%         3
 Dazzling Flash           Conj/Hex       12%        N/A       34%         3


Dungeon Overview and Level Annotations

Branches:
Dungeon (1/15)

Altars:


Innate Abilities, Weirdness & Mutations

Your serpentine skin is tough. (AC +0)
You have supernaturally acute eyesight. (SInv)
Armour fits poorly on your strangely shaped body.
Your system is resistant to poisons. (rPois)
You cover ground very slowly.
You can spit poison.
You have a snake-like lower body.


Message History

You hit the giant cockroach.
You kill the giant cockroach!
Found a pair of gloves.
You see here a giant cockroach corpse.
You see here a +0 pair of gloves.
A ball python comes into view.
Found a scroll labelled VEPTUCKOXZO.
You see here a scroll labelled VEPTUCKOXZO.
d - a scroll labelled VEPTUCKOXZO The helpless ball python fails to defend itself.
You impale the ball python!!
You kill the ball python!
Found a whip.
Found a scroll labelled YRAONEGHEU.
e - a scroll labelled PUAHAH CAUDD
Found 12 gold pieces.
You see here a +0 whip.
A kobold comes into view.
It is wielding a +1 dagger of electrocution.
Found 8 gold pieces.
You see here a scroll labelled YRAONEGHEU.
f - a scroll labelled YRAONEGHEU The kobold shouts!
You hit the kobold but do no damage.
The kobold hits you with a +1 dagger of electrocution.
You miss the kobold. The kobold barely misses you.
Okay, then.
You barely miss the kobold. The kobold barely misses you.
You hit the kobold but do no damage.
The kobold hits you with a +1 dagger of electrocution.
Okay, then.
You hit the kobold but do no damage. The kobold barely misses you.
You hit the kobold.
The kobold is severely wounded.
The kobold hits you with a +1 dagger of electrocution.
You hit the kobold but do no damage.
The kobold is severely wounded.
The kobold hits you with a +1 dagger of electrocution.
You are electrocuted!
Ouch! That really hurt!
You die...

#.#.#.# #.#.#.# #.#.#.#
..#.#.# .##.#.# #
.##.#.# .#
....#.############ ..#
.............)...#...###
.###.##########.@.......
.# #.# #.K....... .# #.#
#.$...$... .# #.#
.......#.# ## #..
#.###...# # ##. .. ...#
. .## .... #. #####


You could see a kobold.

Vanquished Creatures
  A ball python (D:1)
  A giant cockroach (D:1)
  A hobgoblin (D:1)
  A quokka (D:1)
4 creatures vanquished.

Notes
Turn   | Place    | Note
-------+----------+-------------------------------------------
     0 | D:1      | bonegar the Naga Enchanter began the quest for the Orb.
     0 | D:1      | Reached XP level 1. HP: 15/15 MP: 3/3
   148 | D:1      | Slain by a kobold

Illustrated notes

Levels and vault maps discovered:
D:1:      minmay_arrival_split_and_join, layout_loops_ring, serial_shops, shop

Action                     || total
---------------------------++-------
  Melee: Dagger            ||    19
   Stab: Sleeping          ||     2
 Armour: Robe              ||     8
  Dodge: Dodged            ||     9
